 Dungeon Crawl Stone Soup version 0.29.1-15-g9cfb28693d (webtiles) character file.

Game seed: 7416609924251397325

81 croobank the Firebug (level 4, -1/48 HPs)
             Began as a Gnoll Fire Elementalist on Mar 18, 2023.
             Was an Initiate of Gozag.
             Succumbed to an orc wizard's poison
             ... on level 4 of the Dungeon.
             The game lasted 00:06:58 (2792 turns).

croobank the Firebug (Gnoll Fire Elementalist)      Turns: 2792, Time: 00:06:58

Health: -1/48      AC: 22    Str:  5    XL:     4   Next: 42%
Magic:  2/10       EV:  2    Int: 16    God:    Gozag
Gold:   90         SH:  0    Dex: 13    Spells: 7/13 levels left

rFire   . . .      SeeInvis .   i - +0 dagger
rCold   . . .      Faith    .   (no shield)
rNeg    . . .      Spirit   .   (body armour currently unavailable)
rPois   +          Reflect  .   (helmet currently unavailable)
rElec   .          Harm     .   (cloak currently unavailable)
rCorr   .          Rampage  .   (gloves currently unavailable)
Will    .....      NoTele   +   (boots currently unavailable)
Stlth   +++.......              (no amulet)
HPRegen 0.16/turn               (no ring)
MPRegen 0.12/turn               (no ring)

@: lethally poisoned (-1 -> -15), tree-form
A: stationary, stasis, torment immunity, boosted hp, (fangs 1), strong nose,
distributed training, low MP 1, weak 1, MP-powered wands, devolution 1
a: Renounce Religion, Potion Petition, Call Merchant, Bribe Branch


You were on level 4 of the Dungeon.
You worshipped Gozag.
Gozag was noncommittal.
You were a tree.
You visited 1 branch of the dungeon, and saw 4 of its levels.

You collected 161 gold pieces.
You spent 14 gold pieces at shops.
You paid 57 gold pieces to Gozag.

Inventory:

Hand Weapons
 i - a +0 dagger (weapon)
 k - a +0 short sword
 n - a +0 long sword
 o - a +0 spear
Armour
 a - a +0 robe (melded)
Scrolls
 d - 2 scrolls of fear {unknown}
 e - a scroll of teleportation {unknown}
 f - a scroll of noise {unknown}
 m - a scroll of identify {unknown}
 p - a scroll of blinking {unknown}
 q - a scroll of immolation {unknown}


   Skills:
 + Level 1.2 Fighting
 + Level 1.2 Short Blades
 + Level 1.2 Long Blades
 + Level 1.2 Axes
 + Level 1.2 Maces & Flails
 + Level 1.2 Polearms
 + Level 1.2 Staves
 + Level 1.2 Ranged Weapons
 + Level 1.2 Throwing
 + Level 1.2 Armour
 + Level 4.6 Dodging
 + Level 4.3 Stealth
 + Level 1.2 Shields
 + Level 1.2 Unarmed Combat
 + Level 5.1 Spellcasting
 + Level 2.2 Conjurations
 + Level 1.0 Hexes
 + Level 1.0 Summonings
 + Level 1.0 Necromancy
 + Level 1.0 Translocations
 + Level 1.0 Transmutations
 + Level 5.5 Fire Magic
 + Level 1.0 Ice Magic
 + Level 1.0 Air Magic
 + Level 1.0 Earth Magic
 + Level 1.0 Poison Magic
 + Level 1.3 Invocations
 + Level 1.2 Evocations


You had 7 spell levels left.
You knew the following spells:

 Your Spells              Type           Power      Damage    Failure   Level
a - Foxfire               Conj/Fire      64%        2x1d7     3%          1
b - Scorch                Fire           42%        2d7       2%          2
c - Inner Flame           Hex/Fire       14%        N/A       12%         3

Your spell library contained the following spells:

 Spells                   Type           Power      Damage    Failure   Level
 Conjure Flame            Conj/Fire      16%        6-21      9%          3
 Flame Wave               Conj/Fire      16%        2d7       30%         4
 Fireball                 Conj/Fire      8%         3d6       63%         5
 Iskenderun's Battlesphe  Conj           11%        2d7       86%         5
 Conjure Ball Lightning   Conj/Air       4%         3x3d6     100%        6
 Orb of Destruction       Conj           5%         9d5       100%        7


Dungeon Overview and Level Annotations

Branches:
Dungeon (4/15)
 Temple: D:4-7

Altars:
Gozag

Shops:
D:2 !   D:4 !

Annotations:
D:3 Grinder


Innate Abilities, Weirdness & Mutations

You are a tree.
Your roots penetrate the ground, keeping you stationary.
You cannot be teleported.
You are immune to unholy pain and torment.
Your maximum health is greatly increased.
Your equipment is partially melded.
((You have very sharp teeth.))
Your uncanny sense of smell can sniff out nearby items.
Your experience applies equally to all skills.
Your magical capacity is low. (-10% MP)
You are weak. (Str -2)
You expend magic power (3 MP) to strengthen your wands.
You have hidden genetic defects.


Message History

You bump into the stone wall.
Something barely misses you. The goblin closely misses you.
Are you sure you want to stumble around while confused and next to your butterfly?
Are you sure you want to stumble around while confused and next to your butterfly?
You hit your butterfly but do no damage.
Your butterfly disappears in a burst of colours!
The goblin hits you with a +0 club. Something hits you.
Are you sure you want to stumble around while confused and next to your butterfly?
You miss your butterfly.
Your butterfly disappears in a burst of colours!
You feel less confused. Something hits you. The goblin hits you with a +0 club.
The scorpion barely misses you. Something hits you.
* * * LOW HITPOINT WARNING * * *
You are lethally poisoned!
The goblin attacks as you move away! The goblin misses you.
* * * LOW HITPOINT WARNING * * *
You feel very sick.
The goblin closely misses your butterfly.
Something barely misses your butterfly.
Okay, then.
It was a potion of mutation.
You feel extremely strange.
You feel less energetic.
You feel a hidden malignance growing inside you.
You feel weaker.
You feel your magical essence link to the dungeon's wands.
* * * LOW HITPOINT WARNING * * *
You feel sick. The scorpion barely misses you. The scorpion misses you.
It was a potion of lignification.
You turn into a tree.
Your +0 robe melds into your body.
Your roots penetrate the ground.
* * * LOW HITPOINT WARNING * * *
You feel sick.
The goblin closely misses your butterfly.
Something hits you but does no damage.
You are more poisoned.
The scorpion stings you but does no damage.
It was a potion of flight.
Your roots keep you in place.
You die...
Your body crumbles into a pile of gold.

##########
#........#######
##b∩.#.b.....#
#....{g...##.##
#....#♣sb.b.<...#
##. #.####.##..#
#.# #... .... ..#
###.. ##.. ....
... . ....# ..
....# ##'##


You could see a scorpion (ally target) and a goblin (ally target).

Vanquished Creatures
  3 adders (D:2)
  A worm (D:3)
  A dart slug (D:2)
  3 orcs (D:3)
  4 bats
  6 endoplasms
  A giant cockroach (D:3)
  2 goblins
  7 hobgoblins
  3 quokkas
  A ball python (D:1)
  4 frilled lizards
  5 kobolds
  3 rats
44 creatures vanquished.

Vanquished Creatures (collateral kills)
  2 foxfires (D:1)
2 creatures vanquished.

Vanquished Creatures (others)
  105 foxfires
105 creatures vanquished.

Grand Total: 151 creatures vanquished

Notes
Turn   | Place    | Note
-------+----------+-------------------------------------------
     0 | D:1      | croobank the Gnoll Fire Elementalist began the quest for
                  | the Orb.
     0 | D:1      | Reached XP level 1. HP: 13/13 MP: 6/6
   396 | D:1      | Reached XP level 2. HP: 19/19 MP: 4/7
   400 | D:1      | Learned a level 2 spell: Scorch
  1451 | D:2      | Reached skill level 5 in Spellcasting
  1451 | D:2      | Reached XP level 3. HP: 9/25 MP: 0/9
  1484 | D:2      | Reached skill level 1 in Invocations
  1907 | D:2      | Reached skill level 1 in Fighting
  1907 | D:2      | Reached skill level 1 in Short Blades
  1907 | D:2      | Reached skill level 1 in Long Blades
  1907 | D:2      | Reached skill level 1 in Axes
  1907 | D:2      | Reached skill level 1 in Maces & Flails
  1907 | D:2      | Reached skill level 1 in Polearms
  1907 | D:2      | Reached skill level 1 in Staves
  1907 | D:2      | Reached skill level 1 in Ranged Weapons
  1907 | D:2      | Reached skill level 1 in Throwing
  1907 | D:2      | Reached skill level 1 in Armour
  1907 | D:2      | Reached skill level 1 in Shields
  1907 | D:2      | Reached skill level 1 in Unarmed Combat
  1907 | D:2      | Reached skill level 1 in Evocations
  2135 | D:2      | Reached XP level 4. HP: 32/32 MP: 6/11
  2139 | D:2      | Learned a level 3 spell: Inner Flame
  2221 | D:2      | Found Eckeheur's Distillery.
  2229 | D:2      | Bought a potion of degeneration for 14 gold pieces
  2522 | D:3      | Noticed Grinder
  2654 | D:3      | Found an opulent altar of Gozag.
  2662 | D:3      | Became a worshipper of Gozag Ym Sagoz the Greedy
  2757 | D:3      | Paralysed by Grinder for 5 turns
  2766 | D:3      | Reached skill level 1 in Hexes
  2766 | D:3      | Reached skill level 1 in Summonings
  2766 | D:3      | Reached skill level 1 in Necromancy
  2766 | D:3      | Reached skill level 1 in Translocations
  2766 | D:3      | Reached skill level 1 in Transmutations
  2766 | D:3      | Reached skill level 1 in Ice Magic
  2766 | D:3      | Reached skill level 1 in Air Magic
  2766 | D:3      | Reached skill level 1 in Earth Magic
  2766 | D:3      | Reached skill level 1 in Poison Magic
  2774 | D:4      | Noticed a scorpion
  2774 | D:4      | Found Gemec's Distillery.
  2790 | D:4      | Gained mutation: Your magical capacity is low. (-10% MP)
                  | [potion of mutation]
  2790 | D:4      | Gained mutation: You have hidden genetic defects. [potion
                  | of mutation]
  2790 | D:4      | Gained mutation: You are weak. (Str -2) [potion of
                  | mutation]
  2790 | D:4      | Gained mutation: You expend magic power (3 MP) to
                  | strengthen your wands. [potion of mutation]
  2792 | D:4      | Succumbed to an orc wizard's poison

Illustrated notes

Levels and vault maps discovered:
D:1:      sevenhm_arrival_forest_fort_small_5, layout_basic,
          minmay_misc_feat_plants
D:2:      minmay_chambers_of_ones, layout_basic, serial_shops, shop
D:3:      layout_basic, grunt_gozag_statues, hellmonk_ecumenical_altar_blasted,
          serial_bayou_pond_e, uniq_grinder
D:4:      nicolae_cairo_tiling_very_big, layout_loops_ring,
          nzn_hepliaklqana_mist_gate, serial_shops, shop, nicolae_shop_stone,
          nicolae_shop_hallway_stairs, chequers_serial_rivers_micro_e,
          uniq_duvessa

Skill      XL: |  1  2  3  4 |
---------------+-------------+-----
Conjurations   | 2 |  2.2
Spellcasting   | 5 |  5.1
Invocations    | 1 |  1.3
Fighting       | 1 |  1.2
Short Blades   | 1 |  1.2
Long Blades    | 1 |  1.2
Axes           | 1 |  1.2
Maces & Flails | 1 |  1.2
Polearms       | 1 |  1.2
Staves         | 1 |  1.2
Ranged Weapons | 1 |  1.2
Throwing       | 1 |  1.2
Armour         | 1 |  1.2
Shields        | 1 |  1.2
Unarmed Combat | 1 |  1.2
Evocations     | 1 |  1.2
Hexes          | 1 |  1.0
Summonings     | 1 |  1.0
Necromancy     | 1 |  1.0
Translocations | 1 |  1.0
Transmutations | 1 |  1.0
Ice Magic      | 1 |  1.0
Air Magic      | 1 |  1.0
Earth Magic    | 1 |  1.0
Poison Magic   | 1 |  1.0
Dodging        | |  4.6
Stealth        | |  4.3
Fire Magic     | |  5.5

Action                   |  1- 3 |  4- 6 || total
-------------------------+-------+-------++-------
Melee: Unarmed           |     1 |       ||     1
       Dagger            |    10 |     5 ||    15
       Bite              |     1 |       ||     1
 Cast: Foxfire           |    46 |    18 ||    64
       Scorch            |    15 |    13 ||    28
  Use: Potion            |     1 |     5 ||     6
       Scroll            |       |     1 ||     1
Armor: Robe              |     3 |     4 ||     7
       Skin              |       |     2 ||     2
Dodge: Dodged            |    15 |    17 ||    32
